 Dungeon Sprint DCSS version 0.27.0-1-g7a089689b8 (webtiles) character file.

Game seed: 16278849385964286379

107 styxcanada the Covert (level 4, 0/24 HPs)
             Began as a Spriggan Brigand on Aug 16, 2021.
             Slain by Sigmund (14 damage)
             ... in the Dungeon (Sprint I: "Red Sonja").
             The game lasted 00:01:14 (42 turns).

styxcanada the Covert (Spriggan Brigand)              Turns: 42, Time: 00:01:15

Health: 0/24       AC:  3    Str:  7    XL:     4   Next: 57%
Magic:  5/5        EV: 18    Int: 12    God:
Gold:   54         SH:  0    Dex: 17    Spells: 3/3 levels left

rFire    . . .     SeeInvis +   l - +1 dagger (flame)
rCold    . . .     Faith    .   (shield restricted)
rNeg     . . .     Spirit   .   b - +0 robe
rPois    .         Reflect  .   (helmet restricted)
rElec    .         Harm     .   c - +0 cloak
rCorr    .         Rampage  .   (gloves unavailable)
Will     .....     NoTele   +   (boots unavailable)
Stlth    +++++.....             (no amulet)
HPRegen  0.08/turn              (no ring)
MPRegen  0.09/turn              (no ring)

@: very quick
A: very small, no large weapons, unfitting armour, see invisible, speed 3
a: no special abilities


You were in the Dungeon.
You visited 1 branch You collected 54 gold pieces.

Inventory:

Hand Weapons
 a - a +2 dagger
 l - a +1 dagger of flaming (weapon)
Missiles
 d - a poisoned dart (quivered)
 e - 2 curare-tipped darts
Armour
 b - a +0 robe (worn)
 c - a +0 cloak (worn)
Scrolls
 k - a scroll of blinking
Potions
 g - a potion of heal wounds
 h - 2 potions of haste
 i - 2 potions of magic
 j - a potion of berserk rage


   Skills:
 * Level 3.0 Fighting
 + Level 3.1 Short Blades
 + Level 2.6 Throwing
 * Level 4.0 Dodging
 * Level 12.6 Stealth


You had 3 spell levels left.
You didn't know any spells.
Your spell library was empty.

Dungeon Overview and Level Annotations

Branches:
Dungeon (1/1)

Altars:

Annotations:
D Sigmund


Innate Abilities, Weirdness & Mutations

You are very small and have problems with some larger weapons.
You are too small for most types of armour.
You have supernaturally acute eyesight. (SInv)
You cover ground extremely quickly. (Speed+++)


Message History

Aim: Sigmund, wielding a +0 scythe and wearing a +0 robe (lightly wounded, poisoned, 58% to hit)
You throw a poisoned dart.
The poisoned dart barely misses Sigmund.
There is an open door here.
Sigmund gestures at you while chanting. The puff of flame hits you!
Throw: 5 darts (poison)
Press: ? - help, Q - select action, (/) - cycle Shift-Dir - straight line, f/p - Sigmund
Aim: Sigmund, wielding a +0 scythe and wearing a +0 robe (lightly wounded, poisoned, 58% to hit)
You throw a poisoned dart. The poisoned dart hits Sigmund.
Sigmund is lightly wounded.
Sigmund looks more healthy.
Sigmund points at you and mumbles some strange words.
The magic dart hits you.
* * * LOW HITPOINT WARNING * * *
There is a fountain of clear blue water here.
Throw: 4 darts (poison)
Press: ? - help, Q - select action, (/) - cycle Shift-Dir - straight line, f/p - Sigmund
Aim: Sigmund, wielding a +0 scythe and wearing a +0 robe (lightly wounded, 58% to hit)
You throw a poisoned dart. The poisoned dart hits Sigmund.
Sigmund is poisoned.
Sigmund is lightly wounded.
Sigmund points at you and mumbles some strange words.
You are confused.
You feel better.
Throw: 3 darts (poison)
Press: ? - help, Q - select action, (/) - cycle Shift-Dir - straight line, f/p - Sigmund
Aim: Sigmund, wielding a +0 scythe and wearing a +0 robe (moderately wounded, poisoned, 58% to hit)
You throw a poisoned dart. The poisoned dart hits Sigmund.
Sigmund looks even sicker.
Sigmund is moderately wounded.
Throw: 2 darts (poison)
Press: ? - help, Q - select action, (/) - cycle Shift-Dir - straight line, f/p - Sigmund
Aim: Sigmund, wielding a +0 scythe and wearing a +0 robe (moderately wounded, very poisoned, 58% to hit)
You throw a poisoned dart. The poisoned dart hits Sigmund.
Sigmund looks even sicker.
Sigmund is moderately wounded.
Sigmund barely misses you. Sigmund hits you with a +0 scythe!
Ouch! That really hurt!
You die...

#############
#<.#.[@.(#..+
#..'..#.)'(.#
#.(#####'####
#.(# #..#
#.@# ####
#@.# #⌠⌠#
####


You could see Sigmund (very poisoned).

Vanquished Creatures
  An ogre (D)
  Ijyb (D)
2 creatures vanquished.

Notes
Turn   | Place    | Note
-------+----------+-------------------------------------------
     0 | D        | styxcanada the Spriggan Brigand began the quest for the
                  | Orb.
     0 | D        | Reached XP level 1. HP: 10/10 MP: 2/2
     1 | D        | Noticed Ijyb
     4 | D        | Killed Ijyb
     5 | D        | Reached skill level 9 in Stealth
     5 | D        | Reached XP level 2. HP: 15/15 MP: 3/3
     9 | D        | Noticed an ogre
    12 | D        | Killed an ogre
    13 | D        | Reached skill level 12 in Stealth
    13 | D        | Reached XP level 3. HP: 20/20 MP: 4/4
    13 | D        | Reached XP level 4. HP: 24/24 MP: 5/5
    21 | D        | Noticed Sigmund
    42 | D        | Slain by Sigmund

Illustrated notes

Levels and vault maps discovered:
D:        dungeon_sprint_1 [red_sonja_temple_1, red_sonja_temple_small_1]

Skill      XL: |  1  2 |
---------------+-------+-----
Fighting       | 2 3 |  3.0
Dodging        | 2 4 |  4.0
Stealth        | 9 12 | 12.6
Short Blades   | 3 |  3.1
Throwing       | |  2.6

Action                   |  1- 3 |  4- 6 || total
-------------------------+-------+-------++-------
Melee: Dagger            |     2 |       ||     2
Throw: Dart              |       |     7 ||     7
  Use: Potion            |       |     1 ||     1
 Stab: Sleeping          |     2 |       ||     2
Dodge: Dodged            |       |     1 ||     1
